 Dungeon Crawl Stone Soup version 0.27-a0-1046-g98bf31544f (webtiles) character file.

Game seed: 12266952822382581394

47 funkygono the Firebug (level 3, -5/19 HPs)
             Began as a Gargoyle Fire Elementalist on Apr 20, 2021.
             Slain by an ogre
             ... wielding a +0 giant club
              (17 damage)
             ... on level 2 of the Dungeon.
             The game lasted 00:02:46 (1629 turns).

funkygono the Firebug (Gargoyle Fire Elementalist)  Turns: 1629, Time: 00:02:47

Health: -5/19      AC:  7    Str: 11    XL:     3   Next: 70%
Magic:  2/6        EV: 12    Int: 16    God:
Gold:   30         SH:  0    Dex: 10    Spells: 3/7 levels left

rFire    . . .     SeeInvis .   f - +0 club
rCold    . . .     Faith    .   (no shield)
rNeg     + . .     Spirit   .   a - +0 robe
rPois    ∞         Reflect  .   (no helmet)
rElec    +         Harm     .   c - +1 cloak
rCorr    .         Rampage  .   (no gloves)
Will     .....                  (no boots)
Stlth    ++........             (no amulet)
HPRegen  0.06/turn              (no ring)
MPRegen  0.10/turn              (no ring)

@: no status effects
A: AC +3, negative energy resistance 1, electricity resistance, torment
resistance 1, unbreathing 1, petrification resistance
a: no special abilities


You were on level 2 of the Dungeon.
You visited 1 branch of the dungeon, and saw 2 of its levels.

You collected 30 gold pieces.

Inventory:

Hand Weapons
 f - a +0 club (weapon)
Missiles
 g - 42 stones
Armour
 a - a +0 robe (worn)
 b - a +0 leather armour
 c - a +1 cloak (worn)
Jewellery
 d - a ring of ice
Scrolls
 i - a scroll of teleportation
 k - a scroll of fear {unknown}
Potions
 e - a potion of brilliance
 h - a potion of heal wounds {unknown}
 j - a potion of attraction {unknown}


   Skills:
 + Level 0.1 Fighting
 + Level 1.6 Dodging
 - Level 2.1 Stealth
 * Level 2.5 Spellcasting
 * Level 1.7 Conjurations
 * Level 3.8 Fire Magic


You had 3 spell levels left.
You knew the following spells:

 Your Spells              Type           Power      Damage    Failure   Level
a - Foxfire               Conj/Fire      44%        2x1d6     6%          1
b - Conjure Flame         Conj/Fire      11%        6-21      19%         3

Your spell library contained the following spells:

 Spells                   Type           Power      Damage    Failure   Level
 Inner Flame              Hex/Fire       8%         N/A       26%         3
 Sticky Flame             Conj/Fire      11%        2d3       52%         4
 Fireball                 Conj/Fire      5%         3d5       86%         5


Dungeon Overview and Level Annotations

Branches:
Dungeon (2/15)

Altars:


Innate Abilities, Weirdness & Mutations

Your stone body is resilient. (AC +3)
You are immune to poison.
You resist negative energy. (rN+)
You are resistant to electric shocks. (rElec)
You are resistant to unholy torment.
You can survive without breathing.
You are immune to petrification.


Message History

Casting: Foxfire (safe; 6% risk of failure)
Confirm with . or Enter, or press ? or * to list all spells.
You conjure some foxfire!
The foxfire hits the dart slug.
The dart slug is almost dead.
The foxfire hits the dart slug.
You kill the dart slug!
You see here a dart slug corpse.
An ogre comes into view. It is wielding a +0 giant club.
Casting: Foxfire (safe; 6% risk of failure)
Confirm with . or Enter, or press ? or * to list all spells.
You conjure some foxfire!
The ogre shouts!
A frilled lizard comes into view.
The foxfire hits the ogre.
The ogre is lightly wounded.
The foxfire hits the ogre but does no damage.
The ogre is lightly wounded.
Casting: Foxfire (safe; 6% risk of failure)
Confirm with . or Enter, or press ? or * to list all spells.
You conjure some foxfire!
The foxfire hits the ogre.
The ogre is moderately wounded.
The foxfire hits the ogre.
The ogre is moderately wounded.
The ogre hits you with a +0 giant club!
Casting: Foxfire (safe; 6% risk of failure)
Confirm with . or Enter, or press ? or * to list all spells.
You conjure some foxfire!
The foxfire hits the ogre.
The ogre is moderately wounded.
The foxfire hits the ogre.
The ogre is moderately wounded.
Casting: Foxfire (safe; 6% risk of failure)
Confirm with . or Enter, or press ? or * to list all spells.
You conjure some foxfire!
The foxfire hits the frilled lizard.
You kill the frilled lizard!
The ogre hits you with a +0 giant club!
Ouch! That really hurt!
You die...

.......#.#.#
......##.#.##
......#..#..#
.....##.###.##
...###.. #..###
#### ..#
##..†#### # ##
...###..§.#####.
#.....Ov.......
#...###.†@?#####
## #...####
#..### #.# #..
#. #


You could see an ogre (ally target).

Vanquished Creatures
  A gnoll (D:1)
  3 dart slugs
  4 endoplasms (D:1)
  3 giant cockroaches (D:1)
  3 hobgoblins (D:1)
  4 jackals (D:1)
  A kobold (D:1)
  5 bats
  2 frilled lizards
  2 goblins (D:1)
  A rat (D:1)
29 creatures vanquished.

Vanquished Creatures (others)
  89 foxfires
89 creatures vanquished.

Grand Total: 118 creatures vanquished

Notes
Turn   | Place    | Note
-------+----------+-------------------------------------------
     0 | D:1      | funkygono the Gargoyle Fire Elementalist began the quest
                  | for the Orb.
     0 | D:1      | Reached XP level 1. HP: 10/10 MP: 3/3
   205 | D:1      | Reached XP level 2. HP: 10/15 MP: 0/5
   550 | D:1      | Reached XP level 3. HP: 19/19 MP: 1/6
  1441 | D:1      | Learned a level 3 spell: Conjure Flame
  1622 | D:2      | Noticed an ogre
  1629 | D:2      | Slain by an ogre

Illustrated notes

Levels and vault maps discovered:
D:1:      lightli_arrival_noodles, layout_basic
D:2:      minmay_general_purpose_star, layout_rooms,
          ebering_ecumenical_altar_ruins

Action                   || total
-------------------------++-------
Melee: Unarmed           ||    11
       Club              ||     5
 Cast: Foxfire           ||    54
  Use: Scroll            ||     5
Armor: Robe              ||    14
Dodge: Dodged            ||    30

Table legend: (Time is in decaauts)
 A = Elapsed time spent in this place.
 B = Non-inter-level travel time spent in this place.
 C = Inter-level travel time spent in this place.
 D = Time resting spent in this place.
 E = Time spent auto-exploring this place.
 F = Levels seen in this place.
 G = Mean time per level.
                   A        B        C        D        E       F      G
               +--------+--------+--------+--------+--------+-----+--------+
         Total |   1629 |   1588 |     41 |      0 |   1357 |   2 |  814.5 |
       Dungeon |   1629 |   1588 |     41 |      0 |   1357 |   2 |  814.5 |
               +--------+--------+--------+--------+--------+-----+--------+

Top non-repeatable levels by time:
     D:1: 1493 daAuts
     D:2: 136 daAuts
